 Dungeon Crawl Stone Soup version 0.31-a0-174-g85c54bcb58 (webtiles) character file.

Game seed: 9854228963193351049

8999 qw the Skirmisher (level 11, -6/71 HPs)
             Began as a Gargoyle Hunter on June 15, 2023.
             Was an Initiate of Okawaru.
             Mangled by an ice beast (13 damage)
             ... summoned by Fannar
             ... on level 10 of the Dungeon.
             The game lasted 00:04:25 (9328 turns).

qw the Skirmisher (Gargoyle Hunter)                 Turns: 9328, Time: 00:04:25

Health: -6/71      AC: 28    Str: 21    XL:     11   Next: 39%
Magic:  11/11      EV: 13    Int: 10    God:    Okawaru [......]
Gold:   163        SH:  0    Dex: 17    Spells: 10/10 levels left

rFire   + + .        k - +2 arbalest (heavy)
rCold   . . .        (shield currently unavailable)
rNeg    + . .        i - +3 ring mail {rF+}
rPois   inf          n - +0 helmet
rElec   +            f - +1 cloak
rCorr   .            b - +1 pair of gloves
SInv    .            j - +0 pair of boots of the Stone Wall {rF+}
Will    .....        (no amulet)
Stlth   +            c - +6 ring of strength
HPRegen 0.31/turn    q - +4 ring of protection
MPRegen 0.12/turn

%: no passive effects
@: no status effects
A: sickness immunity, AC +8, negative energy resistance 1, electricity
resistance, torment resistance 1, petrification resistance
a: Renounce Religion


You were on level 10 of the Dungeon.
You worshipped Okawaru.
Okawaru was noncommittal.
You visited 2 branches of the dungeon, and saw 11 of its levels.
You also visited: Ossuary.

You collected 709 gold pieces.
You spent 546 gold pieces at shops.


Innate Abilities, Weirdness & Mutations

You are immune to sickness and miasma.
Your stone body is resilient. (AC +8)
You are immune to poison.
You resist negative energy. (rN+)
You are resistant to electric shocks. (rElec)
You are resistant to unholy torment.
You are immune to petrification.


   Skills:
 + Level 9.2 Fighting
 - Level 14.0 Ranged Weapons
 - Level 6.1 Armour
 - Level 4.2 Dodging
 - Level 1.1 Stealth


You had 10 spell levels left.
You didn't know any spells.
Your spell library was empty.

Inventory:

Hand Weapons
 k - a +2 heavy arbalest (weapon)
Armour
 b - a +1 pair of gloves (worn)
 f - a +1 cloak (worn)
 i - a +3 ring mail of fire resistance (worn)
 j - the +0 pair of boots of the Stone Wall (worn) {rF+}
   (You acquired it on level 5 of the Dungeon)

   rF:        It protects you from fire.
 n - a +0 helmet (worn)
 r - +0 acid dragon scales
Jewellery
 c - a +6 ring of strength (left hand)
 o - an amulet of guardian spirit
 q - a +4 ring of protection (right hand)
Wands
 p - a wand of digging (1)
Scrolls
 e - 5 scrolls of identify
 g - 3 scrolls of teleportation
 s - a scroll of silence {unknown}
Potions
 a - a potion of cancellation
 d - a potion of lignification
 h - a potion of magic
 l - a potion of invisibility {unknown}
 m - 4 potions of curing

Dungeon Overview and Level Annotations

Branches:
Dungeon (10/15)            Temple (1/1) D:6            Lair (0/5) D:10
Ossuary (visited)
    Orc: D:9-12

Altars:
Ashenzari
Cheibriados
Dithmenos
Elyvilon
Fedhas
Gozag
Hepliaklqana
Kikubaaqudgha
Makhleb
Nemelex Xobeh
Okawaru
Qazlal
Ru
Sif Muna
Trog
Uskayaw
Wu Jian
Yredelemnul
Zin
The Shining One

Shops:
D:2 =   D:6 :   D:7 =   D:10 ?

Annotations:
D:3 3 runed translucent doors, qw's ghost, amateur GrFi
D:10 Fannar


Message History

Fannar gestures wildly while chanting.
The ice beast hits you but does no damage.
Fannar hits you but does no damage.
The ice beast hits you but does no damage.
You shoot a bolt. The bolt hits Fannar!
Fannar is moderately wounded.
Fannar hits you but does no damage.
The ice beast hits you but does no damage.
Fannar closely misses you.
You shoot a bolt.
The bolt hits Fannar but does no damage.
Fannar is moderately wounded.
The ice beast closely misses you.
Fannar gestures wildly while chanting.
The ice beast hits you. The ice beast freezes you.
You shoot a bolt.
The bolt completely misses the ice beast.
The ice beast hits you but does no damage.
The ice beast completely misses you. The ice beast misses you.
Fannar gestures wildly while chanting.
Fannar drains the heat from the surrounding environment!
You shoot a bolt. The bolt closely misses Fannar.
The ice beast hits you but does no damage.
The ice beast barely misses you.
The ice beast hits you but does no damage. x2
You shoot a bolt. The bolt closely misses the ice beast.
The ice beast misses you.
The ice beast hits you but does no damage. x2
Fannar gestures wildly while chanting.
Fannar drains the heat from the surrounding environment!
The ice beast closely misses you. x3
You shoot a bolt. The bolt hits the ice beast!!
You kill the ice beast!
The ice beast disappears in a puff of smoke!
The ice beast hits you but does no damage.
The ice beast closely misses you. Fannar casts a spell at you.
The bolt of cold hits you! The ice beast hits you. The ice beast freezes you!
The ice beast hits you. The ice beast freezes you!
You die...

#.....#
#.....#
#####.....#
..........#
.......<..#
>.........#
.......Ye.#
.......@Y.#
..........#
#######...#
#.#.# #.#.#
#.#.#
####...#
#......#
#.####.#


You could see Fannar and 2 ice beasts.

Vanquished Creatures
  A death knight (D:8)
  A tengu warrior (D:8)
  Maurice (D:8)
  2 kobold demonologists (D:9)
  Maggie (D:10)
  A troll (D:10)
  Grinder (D:6)
  3 yaks (D:10)
  A wyvern (D:8)
  A shadow (D:9)
  4 steam dragons
  3 vampire mosquitoes (D:9)
  2 water moccasins
  An acid dragon (D:9)
  Duvessa (D:6)
  4 orc warriors
  3 black bears
  An ice beast (D:5)
  A sky beast (D:6)
  An ogre (D:5)
  2 phantoms (D:5)
  2 elf zombies
  A kobold brigand (D:6)
  A bullfrog (D:8)
  6 scorpions
  2 elf skeletons (D:4)
  9 wights (D:9)
  Dowan (D:6)
  15 killer bees
  3 vampire bats (D:4)
  An electric eel (D:9)
  6 hounds
  A human zombie (D:4)
  5 orc priests
  3 jellies
  2 iguanas
  8 orc wizards
  Terence (D:2)
  2 human skeletons (D:4)
  2 mummies (Ossuary)
  9 adders
  5 white imps
  4 ufetubi
  2 worms (D:2)
  2 dart slugs (D:4)
  48 orcs
  5 bats
  A bat skeleton (D:4)
  4 bat zombies (D:4)
  6 endoplasms
  2 giant cockroaches
  10 goblins
  9 hobgoblins
  6 jackals
  15 kobolds
  4 quokkas
  10 ball pythons
  6 frilled lizards
  3 gnoll zombies (Ossuary)
  3 goblin zombies (Ossuary)
  5 hobgoblin zombies (Ossuary)
  2 orc zombies (Ossuary)
  7 rats
275 creatures vanquished.

Notes
Turn   | Place    | Note
-------+----------+-------------------------------------------
     0 | D:1      | qw the Gargoyle Hunter began the quest for the Orb.
     0 | D:1      | Reached XP level 1. HP: 12/12 MP: 1/1
     0 | D:1      | 0 ||| qw: Version: 0.2-a-29-g511e9b1
     0 | D:1      | 0 ||| qw: Game counter: 5199
     0 | D:1      | 0 ||| qw: Always use a shield: true
     0 | D:1      | 0 ||| qw: God list: Okawaru
     0 | D:1      | 0 ||| qw: Allow faded altars: false
     0 | D:1      | 0 ||| qw: Do Orc after D:15 true
     0 | D:1      | 0 ||| qw: Do second Lair branch before Depths: true
     0 | D:1      | 0 ||| qw: Lair rune preference: random
     0 | D:1      | 0 ||| qw: Plans: Normal, Zot:1-4, Slime:5, God:TSO, Crypt,
                  | Tomb, Abyss, Pan, Hells, Win
     0 | D:1      | 0 ||| PLANNING D:1-11
   157 | D:1      | Reached XP level 2. HP: 17/17 MP: 2/2
   484 | D:1      | 484 ||| READING scroll labelled HIRIFUC NYGOA.
   485 | D:1      | 485 ||| READING 2 scrolls labelled JINYVV JYNI.
   486 | D:1      | 486 ||| READING 4 scrolls labelled ONIARU BAULI.
   490 | D:1      | 490 ||| DROPPING scroll of butterflies.
   561 | D:2      | Reached XP level 3. HP: 21/21 MP: 3/3
   592 | D:2      | Reached skill level 5 in Ranged Weapons
   719 | D:2      | Found Orchet's Jewellery Emporium.
   740 | D:2      | 740 ||| SHOPLISTING +6 ring of strength (432 gold, have
                  | 34).
   740 | D:2      | 740 ||| SHOPLISTING amulet of reflection (360 gold, have
                  | 34).
   740 | D:2      | 740 ||| SHOPLISTING ring "Bataanem" {Fire rPois Slay+3}
                  | (585 gold, have 34).
   740 | D:2      | 740 ||| SHOPLISTING ring of protection from cold (300 gold,
                  | have 34).
   740 | D:2      | 740 ||| SHOPLISTING ring of see invisible (180 gold, have
                  | 34).
   784 | D:2      | Noticed a golden eye
   786 | D:2      | Found a faded altar of an unknown god.
   789 | D:2      | Noticed a great orb of eyes
   789 | D:2      | Noticed a golden eye
   789 | D:2      | Noticed a great orb of eyes
   801 | D:2      | 801 ||| UPGRADING to +0 pair of gloves.
   804 | D:2      | Noticed Terence
   815 | D:2      | Killed Terence
   816 | D:2      | Reached skill level 3 in Fighting
   816 | D:2      | Reached XP level 4. HP: 27/28 MP: 4/4
  1080 | D:2      | 1080 ||| DROPPING ring of flight.
  1081 | D:2      | 1081 ||| READING scroll labelled FIGEVVEHO.
  1082 | D:2      | 1082 ||| READING scroll labelled VAPAGE HOEGHON.
  1083 | D:2      | 1083 ||| READING scroll labelled KUSETHUEFU.
  1399 | D:3      | Reached XP level 5. HP: 32/32 MP: 5/5
  1550 | D:3      | Found an ornate altar of the Wu Jian Council.
  1606 | D:3      | Found a runed translucent gate.
  1607 | D:3      | Found a runed translucent gate.
  1607 | D:3      | Found a runed translucent gate.
  1609 | D:3      | Noticed qw's ghost (amateur GrFi)
  2013 | D:3      | Reached skill level 6 in Ranged Weapons
  2198 | D:3      | 2198 ||| UPGRADING to +0 ring mail.
  2208 | D:3      | 2208 ||| DROPPING +0 leather armour.
  2209 | D:3      | 2209 ||| UPGRADING to +3 ring mail of fire resistance.
  2219 | D:3      | 2219 ||| DROPPING +0 ring mail.
  2220 | D:3      | 2220 ||| READING scroll labelled EGHOCU RESAU.
  2221 | D:3      | 2221 ||| DRINKING 2 blue potions.
  2246 | D:4      | 2246 ||| PLANNING OSSUARY
  2305 | D:4      | Reached skill level 1 in Armour
  2359 | D:4      | Reached XP level 6. HP: 31/38 MP: 6/6
  2411 | D:4      | Found a sand-covered staircase.
  2477 | D:4      | 2477 ||| READING scroll labelled ODOYLU SAQIED.
  2481 | Ossuary  | Entered an ossuary
  2616 | Ossuary  | Reached skill level 7 in Ranged Weapons
  2616 | Ossuary  | Reached XP level 7. HP: 16/43 MP: 7/7
  2773 | D:4      | 2773 ||| PLANNING D:1-11
  2945 | D:4      | Found a shimmering blue altar of Sif Muna.
  2961 | D:4      | 2961 ||| FLEEEEING.
  2962 | D:4      | 2962 ||| FLEEEEING.
  2963 | D:4      | 2963 ||| FLEEEEING.
  3084 | D:4      | Found an ancient bone altar of Kikubaaqudgha.
  3089 | D:4      | Reached skill level 8 in Ranged Weapons
  3430 | D:4      | Reached XP level 8. HP: 49/49 MP: 8/8
  3606 | D:4      | 3606 ||| READING scroll labelled CANAUCHOOGA.
  3607 | D:4      | 3607 ||| DRINKING 2 fizzy ruby potions.
  3608 | D:4      | 3608 ||| READING 3 scrolls of identify.
  3608 | D:4      | 3608 ||| IDENTIFYING orange potion
  3609 | D:4      | 3609 ||| READING 2 scrolls of identify.
  3609 | D:4      | 3609 ||| IDENTIFYING dark potion
  3610 | D:4      | 3610 ||| DROPPING potion of brilliance.
  3627 | D:5      | Entered Level 5 of the Dungeon
  3844 | D:5      | Reached skill level 9 in Ranged Weapons
  4068 | D:5      | Reached skill level 6 in Fighting
  4292 | D:5      | 4292 ||| FLEEEEING.
  4293 | D:5      | 4293 ||| FLEEEEING.
  4294 | D:5      | 4294 ||| FLEEEEING.
  4298 | D:5      | 4298 ||| STAIRDANCE
  4345 | D:4      | 4345 ||| READING scroll labelled ZYTOGH BAEVU.
  4346 | D:4      | 4346 ||| READING 2 scrolls of identify.
  4346 | D:4      | 4346 ||| IDENTIFYING fuming purple potion
  4347 | D:4      | 4347 ||| DROPPING potion of degeneration.
  4431 | D:5      | Found a burning altar of Makhleb.
  4538 | D:5      | Reached skill level 10 in Ranged Weapons
  4601 | D:5      | Found a basalt altar of Yredelemnul.
  4619 | D:5      | Reached XP level 9. HP: 47/56 MP: 9/9
  4708 | D:5      | 4708 ||| UPGRADING to +6 ring of strength.
  4709 | D:5      | 4709 ||| READING scroll labelled XAOCHU VAXZEULEBB.
  4709 | D:5      | Identified a scroll of acquirement
  4709 | D:5      | 4709 ||| ACQUIRING +0 pair of boots of the Stone Wall {rF+}
  4709 | D:5      | Acquired the +0 pair of boots of the Stone Wall {rF+}
  4711 | D:5      | 4711 ||| UPGRADING to +0 pair of boots of the Stone Wall
                  | {rF+}.
  4716 | D:5      | 4716 ||| DRINKING 2 brown potions.
  4802 | D:6      | 4802 ||| Stepping ~*~*~tactically~*~*~ (outnumbered).
  4815 | D:6      | Reached skill level 3 in Armour
  4881 | D:6      | Found a staircase to the Ecumenical Temple.
  4882 | D:6      | 4882 ||| PLANNING TEMPLE
  4882 | D:6      | 4882 ||| READING scroll labelled COZEJE JOWEJE.
  4891 | Temple   | Entered the Ecumenical Temple
  4922 | Temple   | 4922 ||| PLANNING D:1-11
  5012 | D:6      | Noticed Grinder
  5016 | D:6      | Paralysed by Grinder for 4 turns
  5029 | D:6      | Reached skill level 3 in Dodging
  5053 | D:6      | Paralysed by Grinder for 5 turns
  5059 | D:6      | Killed Grinder
  5168 | D:6      | Noticed Duvessa
  5173 | D:6      | Noticed Dowan
  5175 | D:6      | Killed Duvessa
  5181 | D:6      | HP: 6/57 [Dowan/stone arrow (20)]
  5182 | D:6      | 5182 ||| READING 4 scrolls of teleportation.
  5185 | D:6      | 5185 ||| DRINKING potion of heal wounds.
  5395 | D:6      | 5395 ||| UPGRADING to +0 orcbow.
  5396 | D:6      | 5396 ||| DROPPING +0 shortbow of freezing.
  5425 | D:6      | Found a hide-covered altar of Uskayaw.
  5453 | D:6      | Killed Dowan
  5463 | D:6      | Found Afeun's Book Boutique.
  5567 | D:6      | Reached skill level 11 in Ranged Weapons
  5608 | D:6      | Found a stormy altar of Qazlal.
  5611 | D:6      | 5611 ||| READING scroll labelled WOETOPIUNG.
  5649 | D:6      | 5649 ||| DRINKING 3 fizzy emerald potions.
  5712 | D:7      | 5712 ||| STAIRDANCE
  5880 | D:7      | Found Teylapeo's Jewellery Shop.
  5889 | D:7      | 5889 ||| BUYING +4 ring of protection (432 gold).
  5889 | D:7      | Bought a +4 ring of protection for 432 gold pieces
  5889 | D:7      | 5889 ||| SHOPLISTING +6 ring of dexterity (432 gold, have
                  | 92).
  5889 | D:7      | 5889 ||| SHOPLISTING amulet of regeneration (360 gold, have
                  | 92).
  5889 | D:7      | 5889 ||| SHOPLISTING ring of protection from cold (300
                  | gold, have 92).
  6072 | D:7      | Found a sacrificial altar of Ru.
  6102 | D:7      | 6102 ||| Stepping ~*~*~tactically~*~*~ (outnumbered).
  6125 | D:7      | 6125 ||| READING scroll of brand weapon.
  6125 | D:7      | 6125 ||| BRANDING +0 orcbow.
  6531 | D:7      | 6531 ||| UPGRADING to amulet of guardian spirit.
  6536 | D:7      | 6536 ||| UPGRADING to +4 ring of protection.
  6537 | D:7      | 6537 ||| READING scroll labelled OFFUOH ALYVUOX.
  6538 | D:7      | 6538 ||| DRINKING 2 viscous blue potions.
  6539 | D:7      | 6539 ||| READING 2 scrolls of identify.
  6539 | D:7      | 6539 ||| IDENTIFYING fizzy coppery potion
  6540 | D:7      | 6540 ||| DROPPING potion of enlightenment.
  6596 | D:8      | 6596 ||| Stepping ~*~*~tactically~*~*~ (outnumbered).
  6623 | D:8      | Reached XP level 10. HP: 59/64 MP: 8/10
  6728 | D:8      | Reached skill level 12 in Ranged Weapons
  6765 | D:8      | Noticed a death knight
  6771 | D:8      | HP: 11/64 [death knight/+0 battleaxe (13)]
  6772 | D:8      | 6772 ||| READING 5 scrolls of teleportation.
  6773 | D:8      | 6773 ||| DRINKING potion of heal wounds.
  6866 | D:8      | Noticed Maurice
  6899 | D:8      | Killed Maurice
  7096 | D:8      | 7096 ||| FLEEEEING.
  7097 | D:8      | 7097 ||| FLEEEEING.
  7365 | D:8      | Noticed a tengu warrior
  7379 | D:8      | HP: 16/64 [tengu warrior/+0 war axe (5)]
  7380 | D:8      | 7380 ||| READING 4 scrolls of teleportation.
  7630 | D:8      | 7630 ||| FLEEEEING.
  7631 | D:8      | 7631 ||| FLEEEEING.
  7633 | D:8      | 7633 ||| FLEEEEING.
  7641 | D:8      | 7641 ||| STAIRDANCE
  7666 | D:7      | 7666 ||| UPGRADING to +1 cloak.
  7671 | D:7      | 7671 ||| READING scroll labelled ZEALUNNAIDE.
  7672 | D:7      | 7672 ||| READING 3 scrolls of identify.
  7672 | D:7      | 7672 ||| IDENTIFYING glowing grey potion
  7673 | D:7      | 7673 ||| DROPPING potion of berserk rage.
  7682 | D:8      | Killed a death knight
  7853 | D:8      | Killed a tengu warrior
  7854 | D:8      | Reached skill level 13 in Ranged Weapons
  7971 | D:8      | Identified the +0 robe of the Pit {Will+}
  8097 | D:8      | 8097 ||| DROPPING +0 robe of the Pit {Will+}.
  8135 | D:9      | 8135 ||| STAIRDANCE
  8227 | D:9      | 8227 ||| UPGRADING to +2 heavy arbalest.
  8228 | D:9      | 8228 ||| DROPPING +0 heavy orcbow.
  8344 | D:9      | Reached skill level 9 in Fighting
  8345 | D:9      | Reached XP level 11. HP: 71/71 MP: 11/11
  8452 | D:9      | 8452 ||| Stepping ~*~*~tactically~*~*~ (outnumbered).
  8454 | D:9      | 8454 ||| Stepping ~*~*~tactically~*~*~ (outnumbered).
  8838 | D:9      | Reached skill level 14 in Ranged Weapons
  8986 | D:9      | 8986 ||| UPGRADING to +0 helmet.
  8991 | D:9      | 8991 ||| DROPPING ring of positive energy.
  8996 | D:10     | Entered Level 10 of the Dungeon
  9015 | D:10     | Found Toar's Magic Scroll Boutique.
  9021 | D:10     | 9021 ||| BUYING scroll of enchant armour (90 gold).
  9021 | D:10     | Bought a scroll of enchant armour for 90 gold pieces
  9021 | D:10     | 9021 ||| BUYING scroll of identify (24 gold).
  9021 | D:10     | Bought a scroll of identify for 24 gold pieces
  9021 | D:10     | 9021 ||| READING scroll of enchant armour.
  9021 | D:10     | 9021 ||| ENCHANTING +0 pair of gloves.
  9045 | D:10     | Found a white marble altar of Elyvilon.
  9063 | D:10     | Found a staircase to the Lair.
  9082 | D:10     | Noticed Maggie
  9091 | D:10     | Killed Maggie
  9108 | D:10     | Found an iron altar of Okawaru.
  9109 | D:10     | 9109 ||| PLANNING OKAWARU WORSHIP
  9114 | D:10     | Became a worshipper of Warmaster Okawaru
  9115 | D:10     | 9115 ||| PLANNING D:1-11
  9115 | D:10     | 9115 ||| REMOVING amulet of guardian spirit.
  9184 | D:10     | Reached skill level 6 in Armour
  9184 | D:10     | HP: 9/71 [troll (13)]
  9185 | D:10     | 9185 ||| READING 4 scrolls of teleportation.
  9186 | D:10     | 9186 ||| DRINKING potion of heal wounds.
  9314 | D:10     | Noticed Fannar
  9328 | D:10     | HP: 11/71 [ice beast[Fannar] (11)]
  9328 | D:10     | Mangled by an ice beast

Levels and vault maps discovered:
D:1:      minmay_arrival_arboretum_small, layout_basic
D:2:      layout_loops_ring, serial_shops, nicolae_square_shop,
          hellmonk_ecumenical_altar_watching_god, uniq_terence
D:3:      minmay_diamond_boxcup, layout_loops_corners,
          mainiacjoe_overflow_small_starburst, ebering_ghost_rock_garden,
          nicolae_eternal_life
D:4:      layout_loops_ring, kennysheep_vampire_church, led_sif_book,
          nicolae_ossuary_entry_catacombs
D:5:      layout_loops_cross, mainiacjoe_overflow_alcove_4,
          makhleb_heckhound_becter
D:6:      layout_rooms, nicolae_uskayaw_suspiria, lemuel_coloured_pillars_altar,
          minmay_temple_entry_grid, serial_shops, shop, uniq_duvessa,
          uniq_grinder
D:7:      layout_loops_ring, mainiacjoe_overflow_cross_hatched, serial_shops,
          shop
D:8:      layout_loops_cross, minmay_three_doors, uniq_maurice
D:9:      nicolae_moon_pools, layout_loops_ring
D:10:     layout_stronghold, overflow_temple_1_default,
          nicolae_overflow_crystal_walls, mainiacjoe_overflow_six_doors_small,
          mainiacjoe_overflow_paths, dpeg_oklobed_lair, serial_shops,
          nicolae_shop_statue_plus, uniq_fannar, uniq_maggie
Temple:   nicolae_temple_ecumenical_triangle

Skill      XL: |  1  2  3  4  5  6  7  8  9 10 11 |
---------------+----------------------------------+-----
Ranged Weapons | 5 6 7 8 10 11 13 14 | 14.0
Fighting       | 3 4 5 6 8 9 |  9.2
Armour         | 1 2 3 5 6 |  6.1
Dodging        | 2 3 4 |  4.2
Stealth        | |  1.1

Action                     |  1- 3 |  4- 6 |  7- 9 | 10-12 || total
---------------------------+-------+-------+-------+-------++-------
   Fire: Shortbow          |    90 |   248 |   416 |       ||   754
         Orcbow            |       |       |   113 |   178 ||   291
         Arbalest          |       |       |       |    95 ||    95
    Use: Scroll            |     3 |     5 |    12 |     6 ||    26
         Potion            |       |     1 |     5 |     2 ||     8
 Armour: Leather armour    |     7 |    26 |       |       ||    33
         Ring mail         |       |    26 |   270 |   212 ||   508
  Dodge: Dodged            |    21 |    62 |   266 |   195 ||   544

Table legend:
 A = Non-vault XP
 B = Vault XP
 C = Vault XP percentage of total XP
 D = Non-vault monster count
 E = Vault monster count
 F = Vault count percentage of total count
                 A         B        C        D         E       F
            +---------+---------+-------+---------+---------+-------
      Total |    8937 |    3919 |  30.5 |     225 |      50 |  18.2
            +---------+---------+-------+---------+---------+-------
        D:1 |      27 |       0 |   0.0 |      17 |       0 |   0.0
        D:2 |      58 |      36 |  38.3 |      23 |       1 |   4.2
        D:3 |      86 |      54 |  38.6 |      33 |       8 |  19.5
        D:4 |     306 |     625 |  67.1 |      24 |      16 |  40.0
        D:5 |    1037 |      45 |   4.2 |      27 |       1 |   3.6
        D:6 |     928 |     495 |  34.8 |      23 |       3 |  11.5
        D:7 |     409 |       0 |   0.0 |      11 |       0 |   0.0
        D:8 |    1816 |    2128 |  54.0 |      31 |       4 |  11.4
        D:9 |    3265 |       0 |   0.0 |      29 |       0 |   0.0
       D:10 |    1005 |     385 |  27.7 |       7 |       1 |  12.5
    Ossuary |       0 |     151 | 100.0 |       0 |      16 | 100.0
            +---------+---------+-------+---------+---------+-------
